| TOP OF THE 1ST |
|
Pittsburgh Pirates batting - Pitching for Chicago Cubs : RHP John Brown
|
|
Pitching: RHP John Brown
|
|
|
Batting: RHB Dan Gladden
|
0-0: Ball 1-0: Bunt missed! 1-1: Foul Ball, location: 2F 1-2: Foul Ball, location: 2F 1-2: Strikes out swinging
|
|
Batting: LHB Terry Whitfield
|
0-0: Called Strike 0-1: Ball 1-1: Foul Ball, location: 2F 1-2: Ball 2-2: Ball 3-2: Ground out 5-3 (Groundball, 56S, EV 68.8 MPH)
|
|
Batting: RHB Rennie Stennett
|
0-0: Fly out, F8 (Line Drive, 8LM, EV 98.1 MPH)
|
| Top of the 1st over - 0 runs, 0 hits, 0 errors, 0 left on base; Pittsburgh 0 - Chicago 0 |
| BOTTOM OF THE 1ST |
|
Chicago Cubs batting - Pitching for Pittsburgh Pirates : LHP Juan Agosto
|
|
Pitching: LHP Juan Agosto
|
|
|
Batting: LHB Gerald Perry
|
0-0: Fly out, F5 (Popup, 5, EV 57.5 MPH)
|
|
Batting: RHB Randy Ready
|
0-0: Ball 1-0: Called Strike 1-1: Foul Ball, location: 2F 1-2: Strikes out swinging
|
|
Batting: LHB Dave Bergman
|
0-0: Ball 1-0: Ground out U3 (Groundball, 3, EV 91.3 MPH)
|
| Bottom of the 1st over - 0 runs, 0 hits, 0 errors, 0 left on base; Pittsburgh 0 - Chicago 0 |
| TOP OF THE 2ND |
|
Pittsburgh Pirates batting - Pitching for Chicago Cubs : RHP John Brown
|
|
Batting: LHB Robert Lopez
|
0-0: Ball 1-0: Ground out 5-3 (Groundball, 56, EV 76.9 MPH)
|
|
Batting: LHB Greg Walker
|
0-0: Ball 1-0: Called Strike 1-1: Called Strike 1-2: Foul Ball, location: 2F 1-2: Fly out, F6 (Line Drive, 6, EV 63.8 MPH)
|
|
Batting: RHB Mike C Brown
|
0-0: Ball 1-0: Ball 2-0: Foul Ball, location: 2F 2-1: Swinging Strike 2-2: Fly out, F7 (Flyball, 78M, EV 80.6 MPH)
|
| Top of the 2nd over - 0 runs, 0 hits, 0 errors, 0 left on base; Pittsburgh 0 - Chicago 0 |
| BOTTOM OF THE 2ND |
|
Chicago Cubs batting - Pitching for Pittsburgh Pirates : LHP Juan Agosto
|
|
Batting: LHB Robert Kraft
|
0-0: Ball 1-0: Ground out 6-3 (Groundball, 6, EV 82.5 MPH)
|
|
Batting: RHB Damaso Garcia
|
0-0: Ball 1-0: Ground out 5-3 (Groundball, 5S, EV 65.6 MPH)
|
|
Batting: RHB Houston Jimenez
|
0-0: Ball 1-0: Ball 2-0: Foul Ball, location: 2F 2-1: Foul Ball, location: 2F 2-2: Strikes out swinging
|
| Bottom of the 2nd over - 0 runs, 0 hits, 0 errors, 0 left on base; Pittsburgh 0 - Chicago 0 |
| TOP OF THE 3RD |
|
Pittsburgh Pirates batting - Pitching for Chicago Cubs : RHP John Brown
|
|
Batting: SHB Ron Oester
|
0-0: Swinging Strike 0-1: Ball 1-1: Foul Ball, location: 2F 1-2: Fly out, F7 (Flyball, 78D, EV 100.6 MPH)
|
|
Batting: RHB Frank Hunsaker
|
0-0: Fly out, F8 (Flyball, 8RXD, EV 95.0 MPH)
|
|
Batting: LHB Juan Agosto
|
0-0: Ball 1-0: Ground out 5-3 (Groundball, 56, EV 86.3 MPH)
|
| Top of the 3rd over - 0 runs, 0 hits, 0 errors, 0 left on base; Pittsburgh 0 - Chicago 0 |
| BOTTOM OF THE 3RD |
|
Chicago Cubs batting - Pitching for Pittsburgh Pirates : LHP Juan Agosto
|
|
Batting: RHB Marty Castillo
|
0-0: Called Strike 0-1: Fly out, F6 (Popup, 6, EV 61.9 MPH)
|
|
Batting: RHB Bob Brenly
|
0-0: Called Strike 0-1: Called Strike 0-2: SOLO HOME RUN (Flyball, 7D, EV 96.9 MPH), Distance : 395 ft
|
|
Batting: RHB John Brown
|
0-0: Called Strike 0-1: SINGLE (Line Drive, 9LS, EV 111.9 MPH)
|
|
Batting: LHB Gerald Perry
|
0-0: Ball 1-0: Ball 2-0: Fly out, F8 (Flyball, 8LS, EV 81.9 MPH)
|
|
Batting: RHB Randy Ready
|
0-0: Swinging Strike 0-1: 2-RUN HOME RUN (Flyball, 7LD, EV 97.5 MPH), Distance : 377 ft
|
|
Batting: LHB Dave Bergman
|
0-0: Foul Ball, location: 2F 0-1: Ball 1-1: Called Strike 1-2: Ball 2-2: Ball 3-2: Foul Ball, location: 2F 3-2: Base on Balls
|
|
Batting: LHB Robert Kraft
|
0-0: Swinging Strike 0-1: Ball Dave Bergman steals 2nd base 1-1: Ball 2-1: Ball 3-1: Called Strike 3-2: Reached on error, E5 (Groundball, 5, EV 102.5 MPH) Dave Bergman scores
|
|
Batting: RHB Damaso Garcia
|
0-0: Ground out 5-3 (Groundball, 5, EV 108.1 MPH)
|
| Bottom of the 3rd over - 4 runs, 3 hits, 1 error, 1 left on base; Pittsburgh 0 - Chicago 4 |
| TOP OF THE 4TH |
|
Pittsburgh Pirates batting - Pitching for Chicago Cubs : RHP John Brown
|
|
Batting: RHB Dan Gladden
|
0-0: Ball 1-0: Called Strike 1-1: Ground out U3 (Groundball, 3, EV 84.4 MPH)
|
|
Batting: LHB Terry Whitfield
|
0-0: Ball 1-0: Swinging Strike 1-1: Ball 2-1: Foul Ball, location: 2F 2-2: Ball 3-2: Ground out U3 (Groundball, 34, EV 99.4 MPH)
|
|
Batting: RHB Rennie Stennett
|
0-0: Ball 1-0: Called Strike 1-1: Foul Ball, location: 2F 1-2: Ground out 5-3 (Groundball, 56, EV 105.0 MPH)
|
| Top of the 4th over - 0 runs, 0 hits, 0 errors, 0 left on base; Pittsburgh 0 - Chicago 4 |
| BOTTOM OF THE 4TH |
|
Chicago Cubs batting - Pitching for Pittsburgh Pirates : LHP Juan Agosto
|
|
Batting: RHB Houston Jimenez
|
0-0: Called Strike 0-1: Ball 1-1: Ball 2-1: Ball 3-1: Swinging Strike 3-2: Foul Ball, location: 2F 3-2: Foul Ball, location: 2F 3-2: Base on Balls
|
|
Batting: RHB Marty Castillo
|
0-0: Fly out, F9 (Flyball, 9D, EV 92.5 MPH)
|
|
Batting: RHB Bob Brenly
|
0-0: Called Strike 0-1: Foul Ball, location: 2F 0-2: Grounds into double play, 5-4-3 (Groundball, 5, EV 105.0 MPH)
|
| Bottom of the 4th over - 0 runs, 0 hits, 0 errors, 0 left on base; Pittsburgh 0 - Chicago 4 |
| TOP OF THE 5TH |
|
Pittsburgh Pirates batting - Pitching for Chicago Cubs : RHP John Brown
|
|
Batting: LHB Robert Lopez
|
0-0: Ball 1-0: Called Strike 1-1: Ball 2-1: Ball 3-1: Foul Ball, location: 2F 3-2: Base on Balls
|
|
Batting: LHB Greg Walker
|
0-0: Called Strike 0-1: Ball 1-1: Swinging Strike 1-2: Ball 2-2: Ball 3-2: SINGLE (Groundball, 4MD, EV 103.1 MPH) Robert Lopez to second Robert Lopez to third
|
|
Batting: RHB Mike C Brown
|
0-0: Called Strike 0-1: Ball 1-1: Called Strike 1-2: Fly out, F4 (Line Drive, 4, EV 62.5 MPH)
|
|
Batting: SHB Ron Oester
|
0-0: Ball 1-0: Called Strike 1-1: SINGLE (Groundball, 4MD, EV 103.8 MPH) Robert Lopez scores Greg Walker to second
|
|
Batting: RHB Frank Hunsaker
|
0-0: Called Strike 0-1: Ball 1-1: Ball 2-1: Ball 3-1: Foul Ball, location: 2F 3-2: Fly out, F6 (Popup, 6MD, EV 71.3 MPH)
|
|
Batting: LHB Juan Agosto
|
0-0: Swinging Strike 0-1: Ball 1-1: Called Strike 1-2: Foul Ball, location: 2F 1-2: Ball 2-2: Strikes out looking
|
| Top of the 5th over - 1 run, 2 hits, 0 errors, 2 left on base; Pittsburgh 1 - Chicago 4 |
| BOTTOM OF THE 5TH |
|
Chicago Cubs batting - Pitching for Pittsburgh Pirates : LHP Juan Agosto
|
|
Batting: RHB John Brown
|
0-0: Called Strike 0-1: Swinging Strike 0-2: Ball 1-2: Ball 2-2: Ball 3-2: Fly out, F8 (Flyball, 8LD, EV 82.5 MPH)
|
|
Batting: LHB Gerald Perry
|
0-0: Ground out 4-3 (Groundball, 4MD, EV 101.3 MPH)
|
|
Pitching: RHP Jose Vasquez
|
|
|
Batting: RHB Randy Ready
|
0-0: Fly out, F7 (Flyball, 7LM, EV 96.9 MPH)
|
| Bottom of the 5th over - 0 runs, 0 hits, 0 errors, 0 left on base; Pittsburgh 1 - Chicago 4 |
| TOP OF THE 6TH |
|
Pittsburgh Pirates batting - Pitching for Chicago Cubs : RHP John Brown
|
|
Batting: RHB Dan Gladden
|
0-0: Ball 1-0: Ball 2-0: SINGLE (Groundball, 34S, EV 83.8 MPH) (infield hit)
|
|
Batting: LHB Terry Whitfield
|
0-0: Ball 1-0: Called Strike 1-1: Foul Ball, location: 2F 1-2: Foul Ball, location: 2F 1-2: Fielders Choice at 2nd, 4-6 (Groundball, 4, EV 94.4 MPH)
|
|
Batting: RHB Rennie Stennett
|
0-0: Ball 1-0: Called Strike 1-1: Ball 2-1: Foul Ball, location: 2F 2-2: 2-RUN HOME RUN (Flyball, 78XD, EV 99.4 MPH), Distance : 408 ft
|
|
Batting: LHB Robert Lopez
|
0-0: Swinging Strike 0-1: Ball 1-1: Ball 2-1: Ground out 3-1 (Groundball, 34, EV 79.4 MPH)
|
|
Batting: LHB Greg Walker
|
0-0: Swinging Strike 0-1: Ball 1-1: Ball 2-1: SINGLE (Flyball, 4D, EV 84.4 MPH)
|
|
Batting: RHB Mike C Brown
|
0-0: Ball 1-0: SINGLE (Line Drive, 8RS, EV 91.3 MPH) Greg Walker to second Runner from 2nd tries for 3rd, SAFE, throw by CF made to third
|
|
Batting: SHB Ron Oester
|
0-0: Called Strike 0-1: Ball 1-1: Called Strike 1-2: Ball 2-2: Ground out 6-3 (Groundball, 6M, EV 83.1 MPH)
|
| Top of the 6th over - 2 runs, 4 hits, 0 errors, 2 left on base; Pittsburgh 3 - Chicago 4 |
| BOTTOM OF THE 6TH |
|
Chicago Cubs batting - Pitching for Pittsburgh Pirates : RHP Jose Vasquez
|
|
Batting: LHB Dave Bergman
|
0-0: Foul Ball, location: 2F 0-1: Swinging Strike 0-2: Ball 1-2: Foul Ball, location: 2F 1-2: Foul Ball, location: 2F 1-2: Strikes out looking
|
|
Batting: LHB Robert Kraft
|
0-0: Ball 1-0: Ball 2-0: Ball 3-0: Called Strike 3-1: Swinging Strike 3-2: Base on Balls
|
|
Batting: RHB Damaso Garcia
|
0-0: Ball 1-0: SINGLE (Groundball, 4MD, EV 104.4 MPH) Robert Kraft to second Runner from 2nd tries for 3rd, SAFE, throw by CF made to third
|
|
Batting: RHB Houston Jimenez
|
0-0: Ball 1-0: Ball 2-0: Called Strike 2-1: Foul Ball, location: 2F 2-2: Ball 3-2: Ground out 5-3 (Groundball, 56S, EV 68.1 MPH) Damaso Garcia to second
|
|
Batting: RHB Marty Castillo
|
0-0: Foul Ball, location: 2F 0-1: Called Strike 0-2: Ball 1-2: Ground out 6-3 (Groundball, 6MD, EV 109.4 MPH)
|
| Bottom of the 6th over - 0 runs, 1 hit, 0 errors, 2 left on base; Pittsburgh 3 - Chicago 4 |
| TOP OF THE 7TH |
|
Pittsburgh Pirates batting - Pitching for Chicago Cubs : RHP John Brown
|
|
Batting: RHB Frank Hunsaker
|
0-0: Foul Ball, location: 2F 0-1: Ball 1-1: SINGLE (Line Drive, 4M, EV 107.5 MPH)
|
|
Pinch Hitting: RHB William Max
|
0-0: Ball 1-0: Swinging Strike 1-1: Called Strike 1-2: Foul Ball, location: 2F 1-2: Ball 2-2: Ball 3-2: Foul Ball, location: 2F 3-2: Base on Balls Frank Hunsaker to second
|
|
Pitching: RHP George Durham
|
|
|
Batting: RHB Dan Gladden
|
0-0: SINGLE (Line Drive, 89S, EV 91.9 MPH) Frank Hunsaker to third William Max to second
|
|
Batting: LHB Terry Whitfield
|
0-0: Called Strike 0-1: Ball 1-1: SINGLE (Groundball, 6MD, EV 96.3 MPH) Frank Hunsaker scores William Max to third Dan Gladden to second Runner from 3rd tries for Home, SAFE, throw by CF to home
|
|
Batting: RHB Rennie Stennett
|
0-0: Ball 1-0: Ball 2-0: SINGLE (Line Drive, 9S, EV 109.4 MPH) Dan Gladden to third Terry Whitfield to second Runner from 3rd tries for Home, SAFE, throw by RF to home
|
|
Batting: LHB Robert Lopez
|
0-0: Ball 1-0: Foul Ball, location: 2F 1-1: Called Strike 1-2: Strikes out swinging
|
|
Batting: LHB Greg Walker
|
0-0: Ball 1-0: Ball 2-0: Fielders Choice at 2nd, 5-4 (Groundball, 56, EV 105.6 MPH) Terry Whitfield to third
|
|
Batting: RHB Mike C Brown
|
0-0: Called Strike 0-1: Foul Ball, location: 2F 0-2: Foul Ball, location: 2F 0-2: Ball 1-2: Strikes out swinging
|
| Top of the 7th over - 3 runs, 4 hits, 0 errors, 2 left on base; Pittsburgh 6 - Chicago 4 |
| BOTTOM OF THE 7TH |
|
Chicago Cubs batting - Pitching for Pittsburgh Pirates : RHP Jose Vasquez
|
|
Pitching: RHP Mark Lemongello
|
|
|
Now in CF: John Shelby
|
|
|
Batting: RHB Bob Brenly
|
0-0: Called Strike 0-1: Foul Ball, location: 2F 0-2: Fly out, F9 (Flyball, 89XD, EV 86.3 MPH)
|
|
Pinch Hitting: SHB Roy Smalley
|
0-0: Ball 1-0: Called Strike 1-1: Ball 2-1: Foul Ball, location: 2F 2-2: Ball 3-2: Base on Balls
|
|
Batting: LHB Gerald Perry
|
0-0: Called Strike 0-1: Ball 1-1: Called Strike 1-2: Ball 2-2: Fielders Choice at 2nd, 4-6 (Groundball, 4, EV 81.3 MPH)
|
|
Batting: RHB Randy Ready
|
0-0: Ball 1-0: Fly out, F8 (Flyball, 8RD, EV 100.0 MPH)
|
| Bottom of the 7th over - 0 runs, 0 hits, 0 errors, 1 left on base; Pittsburgh 6 - Chicago 4 |
| TOP OF THE 8TH |
|
Pittsburgh Pirates batting - Pitching for Chicago Cubs : RHP George Durham
|
|
Pitching: RHP Tom Niedenfuer
|
|
|
Batting: SHB Ron Oester
|
0-0: Called Strike 0-1: Foul Ball, location: 2F 0-2: Strikes out swinging
|
|
Batting: RHB Frank Hunsaker
|
0-0: Ground out 6-3 (Groundball, 6, EV 86.9 MPH)
|
|
Batting: SHB John Shelby
|
0-0: Ball 1-0: Foul Ball, location: 2F 1-1: Foul Ball, location: 2F 1-2: Ground out 6-3 (Groundball, 4M, EV 102.5 MPH)
|
| Top of the 8th over - 0 runs, 0 hits, 0 errors, 0 left on base; Pittsburgh 6 - Chicago 4 |
| BOTTOM OF THE 8TH |
|
Chicago Cubs batting - Pitching for Pittsburgh Pirates : RHP Mark Lemongello
|
|
Batting: LHB Dave Bergman
|
0-0: Called Strike 0-1: Foul Ball, location: 2F 0-2: Ball 1-2: Ball 2-2: Foul Ball, location: 2F 2-2: Ball 3-2: Base on Balls
|
|
Batting: LHB Robert Kraft
|
0-0: Ball 1-0: Called Strike 1-1: Ball 2-1: Grounds into double play, 6-4-3 (Groundball, 6, EV 108.1 MPH)
|
|
Batting: RHB Damaso Garcia
|
0-0: Ball 1-0: Called Strike 1-1: Ball 2-1: SINGLE (Groundball, 4MD, EV 104.4 MPH)
|
|
Batting: RHB Houston Jimenez
|
0-0: Ball 1-0: Foul Ball, location: 2F 1-1: Ball 2-1: SINGLE (Groundball, 6MD, EV 95.0 MPH) Damaso Garcia to second Runner from 2nd tries for 3rd, OUT! 8-5
|
| Bottom of the 8th over - 0 runs, 2 hits, 0 errors, 1 left on base; Pittsburgh 6 - Chicago 4 |
| TOP OF THE 9TH |
|
Pittsburgh Pirates batting - Pitching for Chicago Cubs : RHP Tom Niedenfuer
|
|
Batting: RHB Dan Gladden
|
0-0: Ball 1-0: Ball 2-0: Ball 3-0: Called Strike 3-1: Base on Balls
|
|
Batting: LHB Terry Whitfield
|
0-0: Ball 1-0: Called Strike 1-1: Ball 2-1: SINGLE (Groundball, 4MD, EV 85.0 MPH) (infield hit) Dan Gladden to second
|
|
Batting: RHB Rennie Stennett
|
0-0: Ball 1-0: Ball 2-0: Fly out, F9 (Flyball, 9, EV 85.6 MPH) Runner from 2nd tags up, SAFE at 3rd with throw by RF
|
|
Batting: LHB Robert Lopez
|
0-0: Called Strike 0-1: Called Strike 0-2: Ball 1-2: Fly out, F7 (Flyball, 78S, EV 71.9 MPH)
|
|
Batting: LHB Greg Walker
|
0-0: Ball Pickoff Throw to First - Error! E1 Dan Gladden scores Terry Whitfield to second 1-0: Ball 2-0: SINGLE (Flyball, 89S, EV 90.0 MPH) Terry Whitfield to third Runner from 3rd tries for Home, SAFE, throw by RF to home Greg Walker to second
|
|
Pinch Hitting: SHB Chili Davis
|
0-0: Intentional Walk
|
|
Pitching: RHP Robert Weismiller
|
|
|
Batting: SHB Ron Oester
|
0-0: Swinging Strike 0-1: Ball 1-1: Foul Ball, location: 2F 1-2: 3-RUN HOME RUN (Flyball, 9D, EV 98.1 MPH), Distance : 389 ft
|
|
Batting: RHB Frank Hunsaker
|
0-0: Ball 1-0: Ball 2-0: Foul Ball, location: 2F 2-1: Ball 3-1: Reached on error, E6 (Groundball, 6, EV 106.3 MPH)
|
|
Batting: SHB John Shelby
|
0-0: Fly out, F9 (Flyball, 9LS, EV 94.4 MPH)
|
| Top of the 9th over - 5 runs, 3 hits, 2 errors, 1 left on base; Pittsburgh 11 - Chicago 4 |
| BOTTOM OF THE 9TH |
|
Chicago Cubs batting - Pitching for Pittsburgh Pirates : RHP Mark Lemongello
|
|
Pitching: RHP Timnothy Milner
|
|
|
Batting: RHB Marty Castillo
|
0-0: Foul Ball, location: 2F 0-1: Ball 1-1: Ball 2-1: Ground out 4-3 (Groundball, 4M, EV 88.1 MPH)
|
|
Batting: RHB Bob Brenly
|
0-0: Ball 1-0: Ground out 5-3 (Groundball, 56, EV 84.4 MPH)
|
|
Pinch Hitting: RHB Lonnie Smith
|
0-0: DOUBLE (Groundball, 5L, EV 111.3 MPH)
|
|
Batting: LHB Gerald Perry
|
0-0: Called Strike 0-1: Ball 1-1: Ball 2-1: Swinging Strike 2-2: Ball 3-2: Base on Balls
|
|
Batting: RHB Randy Ready
|
0-0: Called Strike 0-1: Ball 1-1: Ground out 3-1 (Groundball, 34, EV 81.3 MPH)
|
| Bottom of the 9th over - 0 runs, 1 hit, 0 errors, 2 left on base; Pittsburgh 11 - Chicago 4 |
|